 Dungeon Crawl Stone Soup version 0.16.2-12-gd0ad4c3 (webtiles) character file.

354 faibistes the Magician (level 6, 0/32 HPs)
             Began as a Deep Elf Wizard on Jan 19, 2019.
             Was an Initiate of Sif Muna.
             Slain by an ice beast (12 damage)
             ... on level 4 of the Dungeon.
             The game lasted 00:09:58 (4154 turns).

faibistes the Magician (Deep Elf Wizard)            Turns: 4154, Time: 00:09:58

Health: 0/32       AC:  3    Str:  4    XL:     6   Next: 35%
Magic:  0/22       EV: 14    Int: 28    God:    Sif Muna [......]
Gold:   192        SH:  0    Dex: 13    Spells: 6 memorised, 5 levels left

rFire  . . .     SeeInvis .     f - +0 dagger
rCold  . . .     Clarity  .     a - +0 robe
rNeg   . . .     SustAb   .     (no shield)
rPois  .         Gourm    .     b - +0 hat
rElec  .         Spirit   .     (no cloak)
rCorr  .         Warding  .     w - +0 pair of gloves
rMut   .         Stasis   .     (no boots)
MR     .....                    (no amulet)
Stlth  ++........               (no ring)
                                v - +3 ring of intelligence

@: very slightly contaminated, repel missiles, not resistant to hostile
enchantments, unstealthy
A: no striking features
a: Renounce Religion


You were on level 4 of the Dungeon.
You worshipped Sif Muna.
Sif Muna was noncommittal.
You were not hungry.

You visited 2 branches of the dungeon, and saw 6 of its levels.

You collected 192 gold pieces.

Inventory:

Hand weapons
 f - a +0 dagger (weapon)
Armour
 a - a +0 robe (worn)
 b - a +0 hat (worn)
 w - a +0 pair of gloves (worn)
Jewellery
 v - a +3 ring of intelligence (left hand)
Scrolls
 e - 2 scrolls of teleportation
 i - 2 scrolls of recharging {unknown}
 k - 2 scrolls of remove curse {unknown}
 m - 2 scrolls of blinking {unknown}
 q - 3 scrolls of noise {unknown}
 r - a scroll of enchant armour {unknown}
 s - 3 scrolls of random uselessness {unknown}
 t - a scroll of enchant weapon {unknown}
Potions
 g - a potion of lignification
 j - a potion of brilliance
 n - a potion of agility
 p - 6 potions of curing
 u - a potion of poison {unknown}
Books
 c - a book of Minor Magic

   Spells                             Type                      Level
   a - Magic Dart                     Conjuration                  1
   b - Blink                          Translocation                2
   c - Call Imp                       Summoning                    2
   d - Repel Missiles                 Charms/Air                   2
   e - Slow                           Hexes                        2
   f - Conjure Flame                  Conjuration/Fire             3
   g - Mephitic Cloud                 Conjuration/Poison/Air       3
Comestibles
 d - 4 bread rations
 h - 2 beef jerkies
 o - 3 meat rations


   Skills:
 + Level 4.1 Dodging
 - Level 2.4 Stealth
 * Level 6.7 Spellcasting
 * Level 3.8 Conjurations
 - Level 1.1 Summonings
 - Level 2.3 Translocations
 * Level 0.2 Fire Magic
 * Level 1.1 Air Magic
 + Level 0.4 Poison Magic


You had 5 spell levels left.
You knew the following spells:

 Your Spells              Type           Power        Failure   Level  Hunger
a - Magic Dart            Conj           ####         1%          1    None
b - Conjure Flame         Conj/Fire      ###.....     10%         3    None
c - Call Imp              Summ           ###.....     8%          2    None
d - Blink                 Tloc           N/A          3%          2    None
e - Mephitic Cloud        Conj/Pois/Air  ###.....     10%         3    None
f - Repel Missiles        Chrm/Air       ##....       10%         2    None


Dungeon Overview and Level Annotations

Branches:
Dungeon (5/15)             Temple (1/1) D:4

Altars:
Cheibriados
Dithmenos
Elyvilon
Gozag
Kikubaaqudgha
Okawaru
Qazlal
Ru
Sif Muna
Trog
Vehumet
Xom
Yredelemnul
Zin
The Shining One


Message History

Confirm with . or Enter, or press ? or * to list all spells.
Aiming: Magic Dart
Press: ? - help, Shift-Dir - straight line, f/p - ice beast
Aim: an ice beast (almost dead)
The magic dart hits the ice beast.
The ice beast is almost dead.
Casting: Magic Dart
Confirm with . or Enter, or press ? or * to list all spells.
Aiming: Magic Dart
Press: ? - help, Shift-Dir - straight line, f/p - ice beast
Aim: an ice beast (almost dead)
The magic dart hits the ice beast.
The ice beast is almost dead.
You hit the ice beast but do no damage.
The ice beast is almost dead.
The ice beast hits you. The ice beast freezes you!
You hit the ice beast but do no damage.
The ice beast is almost dead.
The ice beast hits you. The ice beast freezes you!
You die...

####### #...... ##.....##
#...... ##.......## #......
#######.........# #......
...............## #####......
###.....#.....## ###....[...#
#.....#..#### #..........#
#...........#######..........#
#.....#.###.>.@Y.....<.......#
#.....#.# #########..........#
#.......## #[.........##
##.......# #...........#
####.......## #..(........#
.##.........# ######......##.#
.......[....######.........###
.# #
#)............##.........## .#
###..................!......##
.#


You could see an ice beast.

Vanquished Creatures
  A phantom (D:4)
  A goliath beetle (D:4)
  A hound (D:4)
  An orc wizard (D:5)
  A worker ant (D:4)
  3 adders
  4 worms (D:2)
  A giant gecko (D:1)
  8 orcs
  4 hobgoblins
  3 jackals
  4 kobolds
  A quokka (D:4)
  3 ball pythons
  5 bats
  2 giant newts (D:2)
  8 goblins
  9 rats
60 creatures vanquished.

Vanquished Creatures (collateral kills)
  A hound (D:5)
  7 jackals
8 creatures vanquished.

Vanquished Creatures (others)
  A shadow imp (D:5)
1 creature vanquished.

Grand Total: 69 creatures vanquished

Notes
Turn   | Place    | Note
--------------------------------------------------------------
     0 | D:1      | faibistes, the Deep Elf Wizard, began the quest for the Orb.
     0 | D:1      | Reached XP level 1. HP: 10/10 MP: 6/6
    69 | D:3      | Reached XP level 2. HP: 6/15 MP: 1/10
   252 | D:2      | Learned a level 2 spell: Blink
   255 | D:2      | Learned a level 2 spell: Call Imp
   912 | D:1      | Reached XP level 3. HP: 19/19 MP: 11/13
   917 | D:1      | Learned a level 3 spell: Conjure Flame
   921 | D:1      | Learned a level 3 spell: Mephitic Cloud
  1177 | D:1      | Reached skill level 5 in Spellcasting
  1679 | D:2      | Reached XP level 4. HP: 24/24 MP: 12/17
  1712 | D:2      | Learned a level 2 spell: Repel Missiles
  1789 | D:2      | Found a glowing golden altar of the Shining One.
  1916 | D:2      | Found a white marble altar of Elyvilon.
  2200 | D:3      | Found a snail-covered altar of Cheibriados.
  2701 | D:4      | Found a staircase to the Ecumenical Temple.
  2704 | D:4      | Found an iron altar of Okawaru.
  2714 | Temple   | Entered the Ecumenical Temple
  2860 | Temple   | Became a worshipper of Sif Muna the Loreminder
  3040 | D:4      | Reached skill level 6 in Spellcasting
  3040 | D:4      | Reached XP level 5. HP: 28/28 MP: 2/20
  3041 | D:4      | Noticed a phantom
  3431 | D:4      | Killed a phantom
  3431 | D:4      | Reached XP level 6. HP: 24/32 MP: 8/22
  3665 | D:5      | Entered Level 5 of the Dungeon
  3894 | D:5      | Reached skill level 1 in Air Magic
  4111 | D:4      | Noticed an ice beast
  4154 | D:4      | Slain by an ice beast

Action                   |  1- 3 |  4- 6 || total
-------------------------+-------+-------++-------
Melee: Dagger            |     4 |     2 ||     6
 Cast: Magic Dart        |    96 |   115 ||   211
       Call Imp          |     3 |     6 ||     9
       Conjure Flame     |       |     6 ||     6
       Mephitic Cloud    |       |     6 ||     6
       Blink             |       |     3 ||     3
       Repel Missiles    |       |     1 ||     1
  Use: Scroll            |       |     5 ||     5
 Stab: Distracted        |     1 |       ||     1
  Eat: Chunk             |     2 |     8 ||    10
